Map: Ruins of Endion

Players

Aesir - Winner!

  • Race: Terran Terran
  • League: Bronze
  • Spawn Location: 7:00

Fropez

  • Race: Protoss Protoss
  • League: Silver
  • Spawn Location: 5:00

VOD

Have the link to the VOD?

Description

Time

  • Played on: June 21, 2016, 12:14 p.m.
  • Length: 19:08
Show
View Real Time Build Order
Export as new Build Order

Aesir Terran - Winner!

Build Orders:  

Get SALT Encoding   

  12  0:01  SCV  
  13  0:13  SCV  
  14  0:19  Supply Depot  
  14  0:25  SCV  
  15  0:31  Refinery  
  15  0:40  SCV  
  16  0:48  Barracks  
  16  0:52  SCV  
  17  1:05  SCV  
  17  1:11  Barracks  
  18  1:21  Refinery  
  18  1:23  SCV  
  19  1:40  SCV  
  19  1:42  Reaper  
  21  1:52  SCV  
  22  2:00  Reaper  
  23  2:12  Orbital Command  
  23  2:17  Supply Depot  
  23  2:22  Factory  
  23  2:36  Barracks Tech Lab  
  24  2:48  Barracks Reactor  
  24  2:50  SCV  
  24  2:59  Concussive Shells  
  24  3:05  Marauder  
  26  3:07  Factory Tech Lab  
  24  3:33  Marine x2  
  24  3:34  Marauder  
  26  4:00  Siege Tank  
  26  4:02  SCV  
  30  4:08  Command Center  
  30  4:15  Starport  
  30  4:18  Barracks  
  30  4:21  Marine  
  30  4:22  Supply Depot x2  
  31  4:43  Marine, Marauder  
  34  4:46  Supply Depot  
  34  4:49  Marine  
  35  4:56  Siege Tank  
  35  4:58  Liberator  
  38  5:01  Marine  
  38  5:05  Marauder  
  41  5:11  Marine  
  41  5:13  Barracks Tech Lab  
  42  5:18  Marine  
  46  5:26  Orbital Command, Marauder  
  48  5:41  Liberator  
  46  5:58  Marine x2  
  46  5:59  Marauder  
  51  6:16  Marine x2  
  53  6:19  Orbital Command  
  53  6:20  Marauder  
  55  6:35  Siege Tank  
  55  6:37  Marine x2  
  60  6:41  Marauder  
  55  7:02  Marine x2  
  55  7:03  Marauder  
  58  7:24  SCV  
  58  7:27  SCV  
  60  7:39  Supply Depot  
  60  7:43  Supply Depot  
  60  7:44  SCV  
  61  7:46  Supply Depot  
  61  8:09  Marine x2  
  61  8:10  Marauder  
  65  8:19  Siege Tank  
  65  8:42  Marine x2  
  65  8:43  Marauder  
  66  9:08  Supply Depot x2  
  66  9:09  Marine x2  
  72  9:10  Marauder x2  
  72  9:23  Starport Reactor  
  72  9:27  Siege Tank  
  72  9:30  Marine x2  
  79  9:31  Marauder  
  79  9:35  SCV  
  79  9:36  SCV  
  64  9:54  Marine x2  
  64  9:55  Marauder  
  58  10:01  Marauder  
  60  10:12  Marine x2  
  60  10:14  Medivac x2  
  64  10:16  Stimpack, Marauder  
  68  10:22  SCV x2  
  68  10:26  Barracks x2  
  70  10:28  Engineering Bay  
  70  10:34  SCV x2, Refinery  
  72  10:37  Marine  
  72  10:38  Marauder  
  77  10:43  Marine, Marauder  
  77  10:44  Medivac  
  77  10:47  SCV  
  77  10:48  Medivac  
  83  10:58  SCV  
  84  11:06  Supply Depot x2  
  84  11:15  Marine x2  
  84  11:16  Barracks Reactor, Marauder x2, Barracks Tech Lab  
  88  11:28  Supply Depot  
  86  11:41  Marine x2  
  86  11:42  Marauder x3  
  93  11:57  Marine x2  
  93  11:59  Marine x2  
  93  12:00  Siege Tank  
  100  12:03  Marauder x3  
  104  12:14  Marine  
  96  12:24  Marauder  
  98  12:42  Marine x2  
  98  12:43  Marine, Marauder x2  
  105  12:46  Marauder  
  105  12:49  Supply Depot  
  105  12:50  Marine  
  108  12:52  Supply Depot  
  108  13:00  Marine  
  108  13:04  Marauder x2  
  108  13:27  Marine x2  
  108  13:28  Marine x2, Marauder x2  
  108  13:29  Marauder  
  118  13:45  Marine  
  119  13:49  Marauder  
  73  14:18  Marine x2  
  73  14:19  Marine x2, Marauder x3  
  73  14:20  SCV  
  82  14:26  Terran Infantry Weapons Level 1  
  81  14:40  Marauder x3  
  87  14:45  SCV x2  
  82  15:24  Viking x2  
  86  15:32  Marine x3, Marauder  
  86  15:33  Marauder x2  
  95  15:39  Marine  
  95  15:49  Marine  
  95  15:54  Marauder x2  
  100  16:20  Terran Infantry Armor Level 1  
  100  16:21  Marine x3  
  100  16:22  Marine, Marauder x3  
  110  16:37  Command Center  
  110  16:39  Marine x2  
  112  16:43  Marine, Marauder x3  
  119  16:56  Command Center, Medivac x2  
  122  17:05  Marauder  
  124  17:20  Marine x2  
  124  17:21  Marine, Marauder x2  
  131  17:26  Marauder  
  133  17:40  Marine x2  
  133  17:41  Marine  
  133  17:43  Marauder x2  
  140  17:47  Marauder  
  138  18:03  Marine x4  
  138  18:04  Marauder  
  134  18:09  Marauder  
  134  18:12  Marine  
  126  18:21  Marine x2  
  126  18:25  Marauder  
  125  18:28  Marine  
  125  18:30  Marauder  
  123  18:47  Marauder  
Show
View Real Time Build Order
Export as new Build Order

Fropez Protoss 

Build Orders: Mass Adepts 

Get SALT Encoding   

  12  0:13  Pylon  
  12  0:15  Probe (Chrono Boost)  
  13  0:26  Probe (Chrono Boost)  
  14  0:34  Gateway  
  14  0:37  Probe (Chrono Boost)  
  15  0:49  Probe (Chrono Boost)  
  16  0:50  Pylon  
  16  0:59  Assimilator  
  16  1:00  Probe (Chrono Boost)  
  17  1:11  Gateway  
  17  1:18  Probe (Chrono Boost)  
  18  1:28  Probe (Chrono Boost)  
  19  1:33  Cybernetics Core  
  19  1:39  Probe (Chrono Boost)  
  20  1:43  Assimilator  
  20  1:50  Pylon  
  20  1:52  Probe (Chrono Boost)  
  21  2:02  Probe (Chrono Boost)  
  22  2:10  Adept x2  
  26  2:17  Warp Gate (Chrono Boost)  
  26  2:26  Mothership Core  
  28  2:37  Adept x2  
  32  2:45  Pylon  
  32  2:47  Probe  
  33  3:04  Adept x2  
  37  3:20  Probe  
  38  4:07  Robotics Facility  
  38  4:11  Gateway  
  38  4:14  Pylon  
  38  4:16  Probe  
  39  4:22  Nexus  
  39  4:25  Assimilator  
  39  4:29  Adept x2, Assimilator  
  43  4:31  Pylon  
  43  4:50  Adept x2  
  47  5:11  Adept x2  
  51  5:17  Warp Prism (Chrono Boost)  
  53  5:26  Forge  
  53  5:32  Probe  
  53  5:34  Probe  
  55  5:44  Probe  
  55  5:50  Observer (Chrono Boost)  
  49  6:08  Adept x3  
  47  6:26  Protoss Ground Weapons Level 1 (Chrono Boost)  
  47  6:28  Probe x2  
  49  6:35  Gateway x2  
  49  6:37  Adept x3, Gateway  
  49  7:03  Adept  
  49  7:04  Adept x2  
  49  7:07  Probe  
  49  7:08  Probe  
  47  7:17  Pylon  
  47  7:18  Probe  
  47  7:19  Pylon  
  47  7:20  Probe  
  49  7:25  Gateway x2  
  49  7:28  Probe  
  49  7:35  Immortal  
  49  7:36  Probe  
  55  7:40  Probe  
  56  7:55  Twilight Council  
  55  8:01  Stalker x2  
  55  8:02  Stalker  
  57  8:16  Stalker  
  50  8:24  Probe  
  50  8:25  Probe  
  46  8:32  Stalker  
  47  8:43  Stalker  
  49  8:49  Probe  
  49  8:54  Adept  
  54  9:10  Immortal  
  52  9:25  Pylon  
  53  9:31  Probe  
  53  9:32  Pylon  
  53  9:49  Immortal  
  53  9:52  Adept x2  
  57  9:53  Adept x2  
  63  10:03  Probe  
  63  10:06  Probe  
  64  10:13  Blink  
  65  10:15  Probe  
  65  10:17  Probe  
  65  10:18  Protoss Ground Weapons Level 2 (Chrono Boost)  
  67  10:28  Probe x2  
  69  10:36  Pylon  
  69  10:42  Adept x2  
  73  11:02  Probe  
  74  11:04  Probe  
  74  11:07  Adept x3  
  81  11:35  Adept x2  
  85  11:42  Pylon  
  85  11:44  Pylon  
  83  11:54  Immortal  
  85  12:03  Pylon  
  85  12:06  Pylon  
  71  12:22  Stalker x3  
  65  12:23  Stalker x2  
  65  12:28  Probe  
  65  12:29  Probe  
  73  12:38  Immortal  
  77  12:49  Probe  
  77  12:50  Probe  
  78  13:24  Stalker x3  
  78  13:25  Stalker x3  
  90  13:46  Protoss Ground Weapons Level 3 (Chrono Boost)  
  68  14:05  Stalker x5  
  62  14:18  Probe  
  62  14:20  Probe  
  60  14:56  Stalker  
  60  14:57  Stalker x5  
  68  15:24  Probe  
  68  15:25  Probe  
  74  15:28  Immortal  
  74  16:27  Nexus  
  74  16:30  Pylon  
  74  16:32  Pylon  
  74  16:35  Assimilator  
  74  16:39  Assimilator  
  74  16:43  Pylon  
  72  17:04  Stalker  
  72  17:05  Stalker x5  
  65  18:06  Stalker  
  65  18:07  Stalker x5  
Tags
 
Composition
Mass Adepts
Matchup
PvT
Replay Pack
All Mines
Spawn Locations
Close Positions
Add a new tag
Caveats
  • Supply blocks, unpowered buildings, or Contaminate may cause inaccurate times.
  • Supply counts are checked every 10 seconds.